 Dungeon Crawl Stone Soup version 0.20.1-1-g8b1a95d (webtiles) character file.

38981 sandworm the Severer (level 13, 0/109 HPs)
             Began as a Minotaur Berserker on Oct 7, 2017.
             Was a High Priest of Trog.
             Slain by a wolf spider (12 damage)
             ... on level 1 of the Spider Nest.
             The game lasted 03:03:47 (13849 turns).

sandworm the Severer (Minotaur Berserker)          Turns: 13849, Time: 03:03:48

Health: 0/109      AC: 28    Str: 27    XL:     13   Next: 66%
Magic:  12/12      EV: 11    Int:  2    God:    Trog [*****.]
Gold:   278        SH:  0    Dex: 13    Spells: 12/12 levels left

rFire    . . .     SeeInvis .   E - +0 war axe (venom)
rCold    . . .     Gourm    .   (no shield)
rNeg     . . .     Faith    .   k - +5 plate armour
rPois    +         Spirit   .   (helmet restricted)
rElec    .         Reflect  .   (no cloak)
rCorr    .         Harm     .   G - +2 pair of gloves {Str+3}
MR       +....                  Y - +2 pair of boots
Stlth    ..........             b - amulet of regeneration
Regen    0.7/turn               z - ring of protection from magic
MPRegen  0.2/turn               M - ring of stealth

@: confused
A: retaliatory headbutt, horns 2, dopey 1, frail 1, poison resistance, sturdy
frame 2
a: Berserk, Trog's Hand, Brothers in Arms, Burn Spellbooks, Renounce Religion


You were on level 1 of the Spider Nest.
You worshipped Trog.
Trog was extremely pleased with you.
You were not hungry.

You visited 4 branches of the dungeon, and saw 15 of its levels.
You also visited: Ice Cave.

You collected 617 gold pieces.
You spent 339 gold pieces at shops.

Inventory:

Hand Weapons
 a - a +0 hand axe
 g - a +1 dagger of speed
 o - a +3 antimagic spear
 p - a +0 whip of electrocution
 x - a +0 trident of freezing
 D - a +0 battleaxe
 E - a +0 war axe of venom (weapon)
Missiles
 e - 67 poisoned needles
 f - 241 stones
 w - an exploding tomahawk
 B - 13 tomahawks
 Q - 14 javelins (quivered)
 T - 5 poisoned javelins
Armour
 k - a +5 plate armour (worn)
 s - a +0 shield
 G - a +2 pair of gloves of strength (worn)
 Y - a +2 pair of boots (worn)
Jewellery
 b - an amulet of regeneration (around neck)
 y - an uncursed ring of flight
 z - a ring of protection from magic (left hand)
 M - a ring of stealth (right hand)
Wands
 r - a wand of acid (9/15)
 J - a wand of paralysis (10/24)
 K - a wand of polymorph (18/24)
 L - a wand of disintegration (9/24)
 N - a wand of iceblast (10/15)
 S - a wand of random effects (22/48)
Scrolls
 c - 2 scrolls of fear
 i - 7 scrolls of teleportation
 l - a scroll of brand weapon
 q - 4 scrolls of remove curse
 u - 3 scrolls of magic mapping
 A - a scroll of recharging
 C - a scroll of enchant weapon {unknown}
 H - a scroll of blinking {unknown}
 I - a scroll of noise {unknown}
 X - 4 scrolls of immolation
 Z - a scroll of silence {unknown}
Potions
 d - 2 potions of magic
 j - a potion of ambrosia {unknown}
 n - a potion of flight {unknown}
 t - a potion of agility
 P - 2 potions of might
 R - a potion of lignification
Miscellaneous
 W - a phantom mirror
Comestibles
 h - 3 royal jellies
 v - 3 meat rations
 F - a bread ration
 U - 6 fruits


   Skills:
 + Level 13.2 Fighting
 + Level 15.5(16.8) Axes
 + Level 0.8(10.4) Maces & Flails
 + Level 11.5(14.8) Polearms
 + Level 2.9 Throwing
 + Level 14.5 Armour
 + Level 4.2 Dodging
 + Level 0.8 Stealth


You had 12 spell levels left.
You didn't know any spells.

Dungeon Overview and Level Annotations

Branches:
Dungeon (9/15)             Temple (1/1) D:7            Lair (4/6) D:9
  Swamp (0/4) Lair:2       Spider (1/4) Lair:4
    Orc: D:9-12

Altars:
Ashenzari
Cheibriados
Dithmenos
Elyvilon
Fedhas
Gozag
Hepliaklqana
Kikubaaqudgha
Nemelex Xobeh
Okawaru
Qazlal
Ru
Sif Muna
Trog
Uskayaw
Xom
Yredelemnul
Zin
The Shining One

Shops:
D:6 (   D:7 [   D:8 *   D:9 (


Innate Abilities, Weirdness & Mutations

You reflexively headbutt those who attack you in melee.
You have a pair of horns on your head.
You are dopey. (Int -2)
You are frail. (-10% HP)
Your system is resistant to poisons. (rPois)
Your movements are less encumbered by armour. (ER -4)


Message History

The wolf spider bites you but does no damage.
The demonic crawler hits you but does no damage.
The demonic crawler barely misses you. The demonic crawler hits you.
* * * LOW HITPOINT WARNING * * *
The jumping spider pounces on you.
* * * LOW HITPOINT WARNING * * *
You are caught in a web!
The jumping spider completely misses you.
The wolf spider hits you.
* * * LOW HITPOINT WARNING * * *
The wolf spider bites you but does no damage.
The wolf spider hits you!
* * * LOW HITPOINT WARNING * * *
The wolf spider barely misses you.
The web tears apart.
The demonic crawler closely misses you.
The demonic crawler hits you but does no damage.
The demonic crawler closely misses you.
The jumping spider pounces on you but does no damage.
The jumping spider barely misses you. The wolf spider hits you!
You die...

##.....####......[†........#
#.......##....#.^.#.......##
#........##..†#...#........#
##............##..#...#....#
#............†.####..###...#
#.....##...)†....##### #####
########...#.....#
#..##ss..### ####.@§....#
##ss....# .......##
..........# ............#
...........## ..####......
.. ........


You could see a demonic crawler, 2 wolf spiders and a jumping spider.

Vanquished Creatures
  A hydra (Lair:3)
  2 two-headed ogres
  6 death yaks
  Nergalle (Lair:4)
  Pikel (D:6)
  6 orb spiders
  5 wolf spiders (Spider:1)
  5 black mambas
  8 spiny frogs
  3 komodo dragons
  2 demonic crawlers (Spider:1)
  The ghost of matthes123 the Chopper, an amateur HOFi of Beogh (D:4)
  A troll (D:9)
  9 jumping spiders (Spider:1)
  3 polar bears (IceCv)
  13 blink frogs
  The ghost of Andry07 the Skirmisher, an amateur GrFi (D:3)
  5 hippogriffs
  7 tarantellas (Spider:1)
  15 redbacks (Spider:1)
  29 yaks
  A spriggan (D:9)
  3 wyverns
  9 water moccasins
  Duvessa (D:4)
  5 porcupines
  4 orc warriors
  2 sky beasts
  12 ice beasts
  A necrophage (D:8)
  A phantom (D:8)
  3 ogres
  15 wolves
  4 centaurs
  7 crocodiles
  Blork the orc (D:6)
  A big kobold (D:6)
  A gnoll sergeant (D:9)
  Dowan (D:4)
  10 bullfrogs
  2 scorpions
  5 wights (D:6)
  3 electric eels
  A howler monkey (D:8)
  2 crimson imps
  9 hounds
  A quasit (D:7)
  A centaur zombie (D:5)
  2 jellies
  6 orc priests
  7 orc wizards
  Crazy Yiuf (D:7)
  A centaur skeleton (D:5)
  3 bullfrog skeletons
  An iguana (D:8)
  A worker ant (D:4)
  A hound zombie (D:8)
  A hound skeleton (D:8)
  A worker ant zombie (D:6)
  Robin (D:2)
  3 gnolls (D:9)
  8 adders
  3 oozes (D:2)
  3 worms
  An adder zombie (D:8)
  2 dart slugs
  4 leopard geckos
  33 orcs
  A ball python (D:6)
  4 giant cockroaches
  17 goblins
  9 hobgoblins
  9 jackals
  4 quokkas
  4 bats
  8 frilled lizards
  A jackal skeleton (D:4)
  10 kobolds
  10 rats
  A spectral orc (D:4)
  6 fungi
  9 plants
406 creatures vanquished.

Vanquished Creatures (others)
  A tarantella (Spider:1)
  2 slaves (D:6)
  A quasit (D:6)
4 creatures vanquished.

Grand Total: 410 creatures vanquished

Notes
Turn   | Place    | Note
-------+----------+-------------------------------------------
     0 | D:1      | sandworm the Minotaur Berserker began the quest for the Orb.
     0 | D:1      | Reached XP level 1. HP: 19/19 MP: 0/0
   165 | D:1      | Reached skill level 4 in Axes
   194 | D:1      | Reached XP level 2. HP: 15/27 MP: 1/1
  1160 | D:2      | Noticed Robin
  1167 | D:2      | Reached XP level 3. HP: 30/33 MP: 2/2
  1168 | D:2      | Reached ** piety under Trog
  1193 | D:2      | Killed Robin
  1237 | D:2      | Reached skill level 5 in Axes
  1441 | D:2      | Reached XP level 4. HP: 39/41 MP: 1/3
  1567 | D:2      | Found a shimmering altar of Xom.
  2542 | D:3      | Noticed Andry07's ghost (amateur GrFi)
  2600 | D:3      | Killed Andry07's ghost
  2600 | D:3      | Reached XP level 5. HP: 37/47 MP: 1/4
  2600 | D:3      | Reached XP level 6. HP: 44/55 MP: 1/5
  2667 | D:3      | Found a bloodstained altar of Trog.
  2685 | D:3      | Found a snail-covered altar of Cheibriados.
  2687 | D:3      | Found a shimmering altar of Xom.
  2729 | D:3      | Found a glowing golden altar of the Shining One.
  2743 | D:3      | Found an ancient bone altar of Kikubaaqudgha.
  2785 | D:3      | Reached skill level 5 in Fighting
  4056 | D:4      | Found a basalt altar of Yredelemnul.
  4123 | D:4      | Noticed an ice beast
  4136 | D:4      | Killed an ice beast
  4150 | D:4      | Noticed matthes123's ghost (amateur HOFi)
  4227 | D:4      | Killed matthes123's ghost
  4227 | D:4      | Reached skill level 5 in Polearms
  4227 | D:4      | Reached skill level 5 in Armour
  4227 | D:4      | Reached XP level 7. HP: 61/61 MP: 6/6
  4387 | D:4      | Noticed Duvessa
  4391 | D:4      | Reached *** piety under Trog
  4398 | D:4      | Noticed Dowan
  4412 | D:4      | Killed Duvessa
  4430 | D:4      | Killed Dowan
  4868 | D:4      | Found Mush's Antique Armour Emporium.
  4977 | D:4      | Reached XP level 8. HP: 70/71 MP: 2/7
  5105 | D:5      | Entered Level 5 of the Dungeon
  5242 | D:5      | Reached skill level 6 in Axes
  5509 | D:5      | Noticed a hand axe
  5510 | D:5      | Noticed a hand axe
  5536 | D:5      | Found a hide-covered altar of Uskayaw.
  6015 | D:6      | Noticed Pikel
  6031 | D:6      | Killed Pikel
  6285 | D:6      | Reached XP level 9. HP: 79/79 MP: 5/8
  6388 | D:6      | Found a sparkling altar of Nemelex Xobeh.
  6393 | D:6      | Noticed Blork the orc
  6407 | D:6      | Killed Blork the orc
  6460 | D:6      | Found Aclebic's Weapon Shop.
  6512 | D:6      | Gained mutation: You are dopey. (Int -2) [mutagenic meat]
  6514 | D:6      | Gained mutation: Your system is resistant to poisons. (rPois) [mutagenic meat]
  6515 | D:6      | Gained mutation: Your movements are slightly less encumbered by armour. (ER -2) [mutagenic meat]
  6516 | D:6      | Gained mutation: Your movements are less encumbered by armour. (ER -4) [mutagenic meat]
  6517 | D:6      | Gained mutation: You are frail. (-10% HP) [mutagenic meat]
  6686 | D:6      | Found a glowing golden altar of the Shining One.
  6721 | D:6      | Reached skill level 1 in Throwing
  7268 | D:7      | Found Kymilee's Armour Shop.
  7272 | D:7      | Bought a +2 pair of gloves of strength for 258 gold pieces
  7333 | D:7      | Found a staircase to the Ecumenical Temple.
  7353 | D:7      | Reached **** piety under Trog
  7387 | D:7      | Noticed a two-headed ogre
  7422 | D:7      | Killed a two-headed ogre
  7422 | D:7      | Reached skill level 10 in Polearms
  7463 | D:7      | Found a runed door.
  7467 | D:7      | Noticed Crazy Yiuf
  7471 | D:7      | Killed Crazy Yiuf
  7524 | D:7      | Reached XP level 10. HP: 77/81 MP: 9/9
  8037 | Temple   | Entered the Ecumenical Temple
  8450 | D:8      | Found Cuun's Assorted Antiques.
  8450 | D:8      | Noticed a two-headed ogre
  8459 | D:8      | Killed a two-headed ogre
  8459 | D:8      | Reached skill level 10 in Armour
  8461 | D:8      | Received a gift from Trog
  8545 | D:8      | Bought a potion of curing for 81 gold pieces
  9106 | D:9      | Found a shimmering altar of Xom.
  9156 | D:9      | Found Buzydy's Weapon Boutique.
  9176 | D:9      | Reached skill level 7 in Axes
  9192 | D:9      | Found a shadowy altar of Dithmenos.
  9422 | D:9      | Reached skill level 8 in Axes
  9481 | D:9      | Found a staircase to the Lair.
  9517 | D:9      | Reached ***** piety under Trog
  9517 | D:9      | Reached XP level 11. HP: 69/87 MP: 10/10
  9718 | Lair:1   | Entered Level 1 of the Lair of Beasts
 10110 | Lair:1   | Reached skill level 9 in Axes
 10226 | Lair:1   | Reached skill level 10 in Fighting
 10374 | Lair:1   | Reached skill level 10 in Axes
 10461 | Lair:1   | Received a gift from Trog
 10908 | Lair:2   | Found a frozen archway.
 10971 | IceCv    | Entered an ice cave
 10991 | IceCv    | Reached skill level 11 in Axes
 11126 | Lair:2   | Received a gift from Trog
 11174 | Lair:2   | Found a staircase to the Swamp.
 11189 | Lair:2   | Reached XP level 12. HP: 97/97 MP: 11/11
 11420 | Lair:2   | Noticed a death yak
 11421 | Lair:2   | Noticed a death yak
 11422 | Lair:2   | Noticed a death yak
 11423 | Lair:2   | Noticed a death yak
 11423 | Lair:2   | Noticed a death yak
 11431 | Lair:2   | Killed a death yak
 11431 | Lair:2   | Reached skill level 12 in Axes
 11435 | Lair:2   | Killed a death yak
 11447 | Lair:2   | Killed a death yak
 11465 | Lair:2   | Killed a death yak
 11476 | Lair:2   | Killed a death yak
 11896 | Lair:3   | Reached skill level 13 in Axes
 11976 | Lair:3   | Noticed an eight-headed hydra
 11994 | Lair:3   | Killed a 14-headed hydra
 12573 | Lair:4   | Noticed Nergalle
 12582 | Lair:4   | Killed Nergalle
 12949 | Lair:4   | Reached skill level 14 in Axes
 13006 | Lair:4   | Reached XP level 13. HP: 102/107 MP: 12/12
 13261 | Lair:4   | Found a hole to the Spider Nest.
 13299 | Spider:1 | Entered Level 1 of the Spider Nest
 13556 | Spider:1 | Reached skill level 15 in Axes
 13822 | Spider:1 | Received a gift from Trog
 13849 | Spider:1 | Slain by a wolf spider

Skill      XL: |  1  2  3  4  5  6  7  8  9 10 11 12 13 |
---------------+----------------------------------------+-----
Axes           | 4 5 6 8 11 14 15 | 15.5
Fighting       | 4 5 6 7 8 9 10 12 13 | 13.2
Polearms       | 3 5 6 8 10 11 | 11.5
Armour         | 3 5 7 9 11 12 13 14 | 14.5
Throwing       | 2 |  2.9
Dodging        | 3 4 |  4.2
Maces & Flails | |  0.8
Stealth        | |  0.8

Action                   |  1- 3 |  4- 6 |  7- 9 | 10-12 | 13-15 || total
-------------------------+-------+-------+-------+-------+-------++-------
Melee: Hand axe          |    68 |    20 |       |       |       ||    88
       Headbutt          |    11 |    14 |    61 |   150 |    41 ||   277
       Spear             |    24 |    92 |   148 |       |       ||   264
       Whip              |       |       |    12 |       |       ||    12
       Trident           |       |       |   140 |   107 |       ||   247
       Battleaxe         |       |       |       |    44 |       ||    44
       War axe           |       |       |       |   451 |   150 ||   601
Throw: Stone             |     1 |       |     4 |     2 |       ||     7
       Javelin           |       |       |     7 |     2 |     8 ||    17
       Tomahawk          |       |       |     1 |       |       ||     1
Invok: Berserk           |     1 |     2 |       |     2 |       ||     5
       Burn Spellbooks   |       |       |       |     1 |       ||     1
       Trog's Hand       |       |       |       |       |     1 ||     1
  Use: Potion            |       |     6 |     3 |       |     5 ||    14
       Scroll            |       |       |    12 |     5 |     1 ||    18
  Eat: Bread ration      |     1 |     1 |     1 |     1 |       ||     4
       Chunk             |     1 |       |     5 |       |       ||     6
       Meat ration       |       |     1 |     1 |     2 |     1 ||     5
       Fruit             |       |       |       |     3 |       ||     3
       Royal jelly       |       |       |       |     1 |       ||     1
Armor: Animal skin       |     2 |       |       |       |       ||     2
       Plate armour      |    41 |    36 |   142 |   432 |   172 ||   823
       Skin              |       |    12 |       |       |       ||    12
Dodge: Dodged            |    36 |    18 |    78 |   346 |   114 ||   592
